 Dungeon Crawl Stone Soup version 0.29-a0-22-gbf593b16ee (webtiles) character file.

Game seed: 11677002264243752415

118 lorenzova the Conjurer (level 4, -2/24 HPs)
             Began as a Deep Elf Conjurer on Jan 29, 2022.
             Killed from afar by an orc wizard (9 damage)
             ... with a puff of flame
             ... on level 2 of the Dungeon.
             The game lasted 00:04:08 (2915 turns).

lorenzova the Conjurer (Deep Elf Conjurer)          Turns: 2915, Time: 00:04:09

Health: -2/24      AC:  2    Str:  4    XL:     4   Next: 72%
Magic:  12/12      EV: 12    Int: 25    God:
Gold:   92         SH:  0    Dex: 13    Spells: 9/12 levels left

rFire   . . .      SeeInvis .   (no weapon)
rCold   . . .      Faith    .   (no shield)
rNeg    . . .      Spirit   .   a - +0 robe
rPois   .          Reflect  .   (no helmet)
rElec   .          Harm     .   (no cloak)
rCorr   .          Rampage  .   (no gloves)
Will    .....                   (no boots)
Stlth   ++........              (no amulet)
HPRegen 0.08/turn               (no ring)
MPRegen 0.13/turn               (no ring)

@: no status effects
A: MP-powered wands
a: no special abilities


You were on level 2 of the Dungeon.
You visited 1 branch of the dungeon, and saw 4 of its levels.

You collected 92 gold pieces.

Inventory:

Armour
 a - a +0 robe (worn)
Scrolls
 g - 2 scrolls of teleportation
 h - a scroll of enchant armour {unknown}
 i - a scroll of noise {unknown}
Potions
 b - a potion of curing
 c - a potion of ambrosia {unknown}
 d - a potion of attraction {unknown}
 f - a potion of cancellation {unknown}


   Skills:
 - Level 2.4 Dodging
 - Level 2.4 Stealth
 + Level 4.5 Spellcasting
 + Level 6.1 Conjurations


You had 9 spell levels left.
You knew the following spells:

 Your Spells              Type           Power      Damage    Failure   Level
a - Magic Dart            Conj           100%       1d8       1%          1
b - Searing Ray           Conj           72%        2d7       1%          2

Your spell library contained the following spells:

 Spells                   Type           Power      Damage    Failure   Level
 Shock                    Conj/Air       84%        1d8       2%          1
 Dazzling Flash           Conj/Hex       42%        N/A       8%          3
 Beastly Appendage        Tmut           10%        N/A       9%          1
 Wereblood                Tmut           5%         N/A       13%         2
 Fulminant Prism          Conj/Hex       10%        3d9       24%         4
 Iskenderun's Mystic Bla  Conj/Tloc      21%        2d6       24%         4
 Spider Form              Tmut/Pois      5%         N/A       26%         3
 Swiftness                Air            5%         N/A       26%         3
 Airstrike                Air            2%         N/A       65%         4


Dungeon Overview and Level Annotations

Branches:
Dungeon (4/15)
 Temple: D:4-7

Altars:

Shops:
D:3 !


Innate Abilities, Weirdness & Mutations

You expend magic power (3 MP) to strengthen your wands.


Message History

You start resting.
HP restored.
You climb downwards.
The orc wizard points at you and mumbles some strange words.
You are confused.
There is a stone staircase leading up here.
You're too confused to cast spells.
Unknown command.
In your confused state, you trip and fall back down the stairs.
In your confused state, you trip and fall back down the stairs.
The orc wizard misses you.
A kobold comes into view. It is wielding a +0 whip.
The kobold shouts!
The orc wizard gestures at you while chanting.
The magic dart hits you!
The kobold throws a stone.
The stone closely misses you.
You feel less confused.
The orc wizard casts a spell.
The orc wizard flickers and vanishes!
Deactivating autopickup; reactivate with Ctrl-A.
The kobold throws a stone.
The stone hits you but does no damage.
The kobold throws a stone.
The stone completely misses you.
Casting: Searing Ray (safe; 1% risk of failure)
Confirm with . or Enter, or press ? or * to list all spells.
You can't see any susceptible monsters within range! (Use Z to cast anyway.) Unknown command.
Something hits you.
There is a stone staircase leading up, spattered with blood here.
You can't go down here!
Something hits you.
* * * LOW HITPOINT WARNING * * *
You climb upwards.
Reactivating autopickup.
There is a stone staircase leading down here.
Deactivating autopickup; reactivate with Ctrl-A.
You barely miss something.
You hear some strange, mumbled words.
A puff of flame appears from out of thin air!
The puff of flame hits you!
You die...

######..####...#.##..# #.#
........# #####.##..# #.###
######'## #.##..# ##.... ##...##
#.....# ##.#.#. ##.....## ####.##
#.###.. ##.......## ##.##.#
##.#.##
##....)....####...#.#########...#
.'.........+.....................
##.........####.@.....#######...#
###.......## #{.##.#.# #..##
####.....## #.###.#.# #....
...##...## #.###.#.# ####.
##.###+## #.....#.# #. ##.# #.#
#.#####.# #####. ##.###.#
#.#####.# #..... .......######
#.......# #.###. ##.##.......#
#.####### #.# #.


There were no monsters in sight!

Vanquished Creatures
  An orc priest (D:3)
  2 adders
  A worm (D:2)
  2 dart slugs
  4 orcs (D:3)
  2 bats (D:1)
  6 endoplasms
  3 giant cockroaches
  5 goblins
  7 hobgoblins
  5 quokkas
  2 ball pythons
  A frilled lizard (D:2)
  9 kobolds
  6 rats
56 creatures vanquished.

Notes
Turn   | Place    | Note
-------+----------+-------------------------------------------
     0 | D:1      | lorenzova the Deep Elf Conjurer began the quest for the
                  | Orb.
     0 | D:1      | Reached XP level 1. HP: 10/10 MP: 6/6
   203 | D:1      | Reached XP level 2. HP: 15/15 MP: 6/8
   206 | D:1      | Learned a level 2 spell: Searing Ray
   298 | D:1      | Reached skill level 5 in Conjurations
  1034 | D:1      | Reached XP level 3. HP: 19/19 MP: 6/9
  1901 | D:2      | You fall into a shaft and drop 2 floors!
  2114 | D:3      | Reached XP level 4. HP: 24/24 MP: 7/12
  2575 | D:2      | Found a faded altar of an unknown god.
  2669 | D:2      | Gained mutation: Your body sometimes deteriorates upon
                  | taking damage. [potion of mutation]
  2669 | D:2      | Gained mutation: You are agile. (Dex +2) [potion of
                  | mutation]
  2669 | D:2      | Gained mutation: Your flesh is cold resistant. (rC+)
                  | [potion of mutation]
  2670 | D:2      | Lost mutation: Your body sometimes deteriorates upon taking
                  | damage. [potion of mutation]
  2670 | D:2      | Lost mutation: You are agile. (Dex +2) [potion of mutation]
  2670 | D:2      | Lost mutation: Your flesh is cold resistant. (rC+) [potion
                  | of mutation]
  2670 | D:2      | Gained mutation: You expend magic power (3 MP) to
                  | strengthen your wands. [potion of mutation]
  2707 | D:3      | Found Isohawn's Distillery.
  2728 | D:3      | Reached skill level 6 in Conjurations
  2915 | D:2      | Killed from afar by an orc wizard

Illustrated notes

Levels and vault maps discovered:
D:1:      dpeg_arrival_tiny_j, layout_basic, hex_tiny,
          amcnicky_mini_rare_corridor_liquid, kennysheep_minor_cross,
          minmay_close_crescents
D:2:      layout_loops_corners, hellmonk_ecumenical_altar_leap_of_faith,
          grunt_ministairs_6, hangedman_decor_peaks_small
D:3:      minmay_skewed_foursquare, layout_basic, serial_shops,
          nicolae_shop_window_shopping, uniq_robin
D:4:      layout_gridville, minmay_temple_entry_large_hall, uniq_pikel,
          uniq_menkaure

Skill      XL: |  1  2  3  4 |
---------------+-------------+-----
Conjurations   | 5 6 |  6.1
Spellcasting   | 4 |  4.5
Dodging        | |  2.4
Stealth        | |  2.4

Action                   |  1- 3 |  4- 6 || total
-------------------------+-------+-------++-------
Melee: Unarmed           |       |     1 ||     1
 Cast: Magic Dart        |    84 |    25 ||   109
       Searing Ray       |       |     1 ||     1
  Use: Scroll            |       |     3 ||     3
       Potion            |       |     2 ||     2
Armor: Robe              |     1 |     2 ||     3
Dodge: Dodged            |     3 |     3 ||     6

Table legend: (Time is in decaauts)
 A = Elapsed time spent in this place.
 B = Non-inter-level travel time spent in this place.
 C = Inter-level travel time spent in this place.
 D = Time resting spent in this place.
 E = Time spent auto-exploring this place.
 F = Levels seen in this place.
 G = Mean time per level.
                   A        B        C        D        E       F      G
               +--------+--------+--------+--------+--------+-----+--------+
         Total |   2916 |   2838 |     78 |    882 |   1614 |   4 |  729.0 |
       Dungeon |   2916 |   2838 |     78 |    882 |   1614 |   4 |  729.0 |
               +--------+--------+--------+--------+--------+-----+--------+

Top non-repeatable levels by time:
     D:2: 1335 daAuts
     D:1: 1237 daAuts
     D:3: 335 daAuts
     D:4: 8 daAuts
